Map: 10000 Feet LE

Players

llllllllllll - Winner!

  • Race: Protoss Protoss
  • League: Diamond
  • Spawn Location: 5:00

DarkLegion

  • Race: Zerg Zerg
  • League: Diamond
  • Spawn Location: 11:00

VOD

Have the link to the VOD?

Description

Time

  • Played on: Feb. 22, 2026, 10:37 p.m.
  • Length: 7:30
Show
View Real Time Build Order
Export as new Build Order

llllllllllll Protoss - Winner!

Build Orders: 1 Gate Expand, Carrier Rush 

Get SALT Encoding   

  12  0:00  Probe  
  13  0:12  Probe  
  14  0:17  Pylon  
  14  0:24  Probe  
  15  0:32  Probe  
  15  0:39  Gateway  
  15  0:40  Probe  
  16  0:47  Assimilator  
  17  0:51  Probe  
  18  1:03  Probe  
  19  1:15  Probe  
  20  1:25  Nexus  
  20  1:37  Cybernetics Core  
  20  1:39  Cybernetics Core  
  20  1:43  Probe  
  21  1:48  Assimilator  
  21  1:55  Probe  
  21  2:00  Pylon  
  22  2:07  Probe  
  23  2:08  Adept  
  25  2:23  Stargate, Probe  
  25  2:26  Warp Gate  
  26  2:35  Probe x2  
  27  2:38  Adept  
  27  2:43  Probe  
  30  2:48  Probe  
  32  2:53  Probe  
  33  3:00  Probe  
  34  3:09  Fleet Beacon  
  34  3:13  Assimilator  
  34  3:15  Probe  
  34  3:18  Probe  
  37  3:27  Probe  
  37  3:29  Pylon  
  37  3:30  Probe  
  37  3:33  Carrier  
  38  3:39  Probe  
  39  3:43  Probe  
  40  3:51  Probe  
  40  3:55  Probe  
  48  4:03  Probe, Twilight Council  
  48  4:07  Probe  
  48  4:09  Pylon  
  51  4:19  Pylon, Probe  
  51  4:23  Carrier, Probe  
  52  4:37  Gateway  
  52  4:40  Gateway  
  52  4:42  Charge  
  52  4:45  Protoss Air Weapons Level 1  
  58  4:53  Gateway  
  58  4:55  Gateway  
  58  4:57  Gateway  
  58  5:01  Pylon  
  58  5:15  Gateway  
  58  5:17  Gateway  
  58  5:40  Pylon  
  58  5:41  Templar Archives  
  58  5:45  Pylon  
  58  5:58  Gateway  
  58  5:59  Zealot x6  
  70  6:12  Zealot x2  
  74  6:21  Zealot x4  
  74  6:22  Zealot x2  
  86  6:30  Pylon  
  85  6:47  Pylon  
  85  6:49  Pylon  
  85  6:53  Zealot x4  
  93  7:13  Zealot x2  
  93  7:14  Zealot x5  
Show
View Real Time Build Order
Export as new Build Order

DarkLegion Zerg 

Build Orders: Hatch First 

Get SALT Encoding   

  12  0:02  Drone  
  13  0:09  Drone  
  14  0:16  Overlord  
  14  0:36  Drone x3  
  17  0:47  Drone  
  18  0:55  Hatchery  
  17  1:00  Drone  
  18  1:11  Spawning Pool  
  18  1:14  Extractor  
  18  1:15  Drone  
  17  1:24  Drone  
  18  1:33  Drone  
  19  1:41  Drone  
  20  1:51  Drone  
  21  2:02  Overlord  
  21  2:06  Queen, Extractor  
  21  2:07  Drone  
  23  2:11  Queen  
  23  2:13  Drone  
  27  2:23  Drone  
  27  2:24  Drone  
  27  2:29  Drone  
  30  2:31  Metabolic Boost  
  30  2:35  Drone  
  31  2:42  Drone  
  32  2:48  Overlord  
  32  2:54  Zergling x2  
  33  3:01  Zergling x4  
  33  3:03  Hatchery  
  34  3:09  Drone  
  34  3:12  Zergling x2  
  36  3:16  Drone x3  
  39  3:23  Zergling x4  
  39  3:25  Drone x2  
  39  3:26  Drone  
  44  3:29  Spore Crawler  
  44  3:30  Spore Crawler  
  44  3:31  Drone  
  43  3:36  Drone  
  43  3:41  Overlord  
  44  3:52  Overlord  
  44  3:54  Extractor  
  43  3:56  Drone  
  43  4:02  Drone x3  
  47  4:09  Drone x2  
  50  4:10  Drone  
  50  4:13  Roach Warren  
  50  4:15  Lair  
  49  4:18  Queen  
  49  4:22  Drone x3, Extractor  
  49  4:23  Drone, Extractor  
  53  4:28  Drone x3  
  56  4:32  Spore Crawler  
  56  4:35  Queen  
  56  4:37  Spore Crawler, Drone  
  57  4:43  Overlord  
  57  4:49  Drone x2  
  57  4:50  Drone x2  
  61  5:02  Overlord x3  
  61  5:05  Spore Crawler  
  60  5:10  Spore Crawler x2  
  58  5:17  Hatchery  
  58  5:19  Drone  
  58  5:23  Drone x2  
  58  5:24  Drone  
  61  5:30  Spire  
  59  5:36  Zergling x4  
  59  5:40  Drone x2  
  59  5:42  Evolution Chamber x2  
  61  5:44  Extractor  
  61  5:45  Drone x2  
  61  5:49  Drone  
  63  5:54  Queen  
  63  5:55  Drone  
  63  5:56  Drone  
  67  6:02  Zergling x6  
  70  6:12  Drone x2  
  70  6:13  Drone  
  70  6:18  Queen  
  75  6:26  Drone  
  75  6:28  Overlord x2  
  73  6:38  Mutalisk  
  73  6:39  Mutalisk x4  
  76  6:48  Zergling x10  
  76  6:49  Zergling x4  
  70  6:59  Zergling x6  
  70  7:00  Zergling x8  
Tags
 
Add a new tag
Caveats
  • Supply blocks, unpowered buildings, or Contaminate may cause inaccurate times.
  • Supply counts are checked every 10 seconds.